 Dungeon Crawl Stone Soup version 0.31.0-12-g77e489cdc1 (webtiles) character file.

Game seed: 6107693821062258099

202 ColdPorridge the Digger (level 5, -2/28 HPs)
             Began as a Gargoyle Earth Elementalist on Feb 18, 2024.
             Was an Initiate of Nemelex Xobeh.
             Slain by a yak (6 damage)
             ... on level 8 of the Dungeon.
             The game lasted 00:15:43 (3882 turns).

ColdPorridge the Digger (GrEE)                      Turns: 3882, Time: 00:15:43

Health: -2/28      AC:  9    Str: 12    XL:     5   Next: 80%
Magic:  6/8        EV: 11    Int: 23    God:    Nemelex Xobeh [......]
Gold:   203        SH:  0    Dex: 10    Spells: 4/8 levels left

rFire   . . .        k - +0 dagger
rCold   . . .        (no shield)
rNeg    + . .        h - +2 leather armour {rPois}
rPois   ∞            (no helmet)
rElec   +            (no cloak)
rCorr   .            (no gloves)
SInv    .            (no boots)
Will    .....        (no amulet)
Stlth   ++           m - +6 ring of intelligence
HPRegen 0.24/turn    t - ring of flight
MPRegen 0.11/turn

%: no passive effects
@: flying
A: sickness immunity, AC +4, negative energy resistance 1, electricity
resistance, torment resistance 1, petrification resistance
a: Renounce Religion, Draw Escape, Draw Destruction, Draw Summoning


You were on level 8 of the Dungeon.
You worshipped Nemelex Xobeh.
Nemelex Xobeh was noncommittal.
You visited 1 branch of the dungeon, and saw 6 of its levels.

You collected 283 gold pieces.
You spent 80 gold pieces at shops.

Inventory:

Hand Weapons
 d - a +0 sling
 k - a +0 dagger (weapon)
Missiles
 c - 45 stones
 e - 4 boomerangs
Armour
 a - a +0 robe
 h - a +2 leather armour of poison resistance (worn)
Jewellery
 m - a +6 ring of intelligence (left hand)
 t - a ring of flight (right hand)
Wands
 i - a wand of paralysis (14)
 q - a wand of flame (12)
Scrolls
 n - 2 scrolls of enchant armour
Potions
 b - a potion of magic
 f - 2 potions of curing
 g - a potion of haste


   Skills:
 - Level 2.0 Armour
 - Level 1.5 Dodging
 - Level 2.1 Stealth
 - Level 2.2 Spellcasting
 + Level 2.3 Conjurations
 - Level 5.2 Earth Magic
 - Level 3.2 Invocations


You had 4 spell levels left.
You knew the following spells:

 Your Spells              Type           Power      Damage    Failure   Level
a - Sandblast             Erth           52%        2d12      1%          1
b - Stone Arrow           Conj/Erth      38%        3d9       11%         3

Your spell library contained the following spells:

 Spells                   Type           Power      Damage    Failure   Level
 Passwall                 Erth           26%        N/A       5%          3
 Kiss of Death            Conj/Necr      28%        2d7       10%         1
 Sting                    Conj/Alch      28%        1d4       10%         1
 Apportation              Tloc           4%         N/A       16%         1
 Necrotise                Necr           8%         1d4       16%         1
 Slow                     Hex            8%         N/A       16%         1
 Summon Small Mammal      Summ           8%         N/A       16%         1
 Brom's Barrelling Bould  Conj/Erth      19%        2d4       34%         4
 Confusing Touch          Hex            2%         N/A       43%         3
 Inner Flame              Hex/Fire       2%         N/A       43%         3
 Animate Armour           Summ/Erth      28%        N/A       50%         4
 Petrify                  Alch/Erth      14%        N/A       50%         4
 Dispel Undead            Necr           2%         3d7       85%         4
 Yara's Violent Unravell  Hex/Alch       1%         3d3       99%         5
 Lehudib's Crystal Spear  Conj/Erth      9%         10d4      100%        8


Dungeon Overview and Level Annotations

Branches:
Dungeon (8/15)
 Temple: D:4-7         Lair: D:8-11

Altars:
Ashenzari
Fedhas
Nemelex Xobeh
Qazlal
Xom

Shops:
D:1 *   D:3 *   D:4 (

Annotations:
D:2 Sigmund
D:3 exclusions: downstairs and orc priest
D:4 Dowan, Duvessa
D:8 exclusion: upstairs


Innate Abilities, Weirdness & Mutations

You are immune to sickness and miasma.
Your stone body is resilient. (AC +4)
You are immune to poison.
You resist negative energy. (rN+)
You are resistant to electric shocks. (rElec)
You are resistant to unholy torment.
You are immune to petrification.


Message History

Found a shimmering altar of Xom. 2 yaks come into view.
The yak bellows!
You hear a bellow!
Found a forked bone wand.
Casting: Sandblast (safe; 1% risk of failure)
Confirm with . or Enter, or press ? or * to list all spells.
You can't see any susceptible monsters within range! (Use Z to cast anyway.)
Casting: Sandblast (safe; 1% risk of failure)
Confirm with . or Enter, or press ? or * to list all spells.
You can't see any susceptible monsters within range! (Use Z to cast anyway.)
Found a broken altar of Ashenzari.
You see here a wand of paralysis (14).
i - a wand of paralysis (14)
Found 9 gold pieces.
The yak snorts and paws the ground.
There is a broken altar of Ashenzari here.
Found a stone staircase leading down.
Found a lajatang.
Found a stone staircase leading down.
Casting: Sandblast (safe; 1% risk of failure)
Confirm with . or Enter, or press ? or * to list all spells.
Okay, then.
Casting: Stone Arrow (quite dangerous; 11% risk of failure)
Confirm with . or Enter, or press ? or * to list all spells.
Aiming: Stone Arrow (quite dangerous; 11% risk of failure)
Press: ? - help, Shift-Dir - straight line, f - yak
Aim: a yak (81% to hit)
The stone arrow misses the yak.
A centaur and a yak come into view.
Found a blossoming altar of Fedhas.
The yak bellows!
The yak gores you. The yak gores you! The yak gores you!
* * * LOW HITPOINT WARNING * * *
Okay, then.
You feel better. The yak gores you!
* * * LOW HITPOINT WARNING * * *
The yak attacks as it pursues you! The yak gores you.
You die...
Your body disappears without a glow.

≈.....≈.#Y####....##.#
.≈≈≈≈≈..#.##...#.....#
########.............#
.#...#....#.....##
.................###
.Y#.............#......
... ............≈......##
..
...####.####.....##.### .
.........@Y.#._.........
......###....YY...##....#
........§.≈..##..#.##
#.......$.............
............§.§.#..>.#
#...........###....##
##............#....#
#..........#......#
.........###>.......


You could see 3 yaks.

Vanquished Creatures
  An orc warrior (D:8)
  3 gnolls (D:3)
  4 dart slugs
  A ribbon worm (D:3)
  7 orcs
  4 bats
  5 endoplasms
  2 giant cockroaches
  4 goblins
  6 hobgoblins
  3 quokkas (D:3)
  4 ball pythons
  5 frilled lizards
  7 kobolds
  7 rats
63 creatures vanquished.

Notes
Turn   | Place    | Note
-------+----------+-------------------------------------------
     0 | D:1      | ColdPorridge the Gargoyle Earth Elementalist began the
                  | quest for the Orb.
     0 | D:1      | Reached XP level 1. HP: 10/10 MP: 3/3
   287 | D:1      | Reached XP level 2. HP: 15/15 MP: 3/5
   340 | D:1      | Got the Enchiridion on the Charred Jinx
   344 | D:1      | Reached skill level 4 in Earth Magic
   579 | D:1      | Found Qeuner's General Store.
   641 | D:1      | Reached XP level 3. HP: 19/19 MP: 2/6
  1891 | D:2      | Noticed Sigmund
  2073 | D:3      | Reached skill level 1 in Armour
  2073 | D:3      | Reached XP level 4. HP: 24/24 MP: 3/7
  2094 | D:3      | Reached skill level 5 in Earth Magic
  2383 | D:3      | Found Deaxza's Assorted Antiques.
  2403 | D:3      | Bought a copper wand for 80 gold pieces
  2919 | D:4      | Noticed an ogre
  2920 | D:4      | Found Uwaly's Weapon Emporium.
  3201 | D:2      | Learned a level 3 spell: Stone Arrow
  3521 | D:4      | Found a stormy altar of Qazlal.
  3612 | D:4      | Noticed Dowan
  3612 | D:4      | Noticed Duvessa
  3645 | D:4      | You are sucked into a shaft and drop 3 floors!
  3675 | D:7      | Noticed a two-headed ogre
  3690 | D:8      | Found a sparkling altar of Nemelex Xobeh.
  3705 | D:8      | Became a worshipper of Nemelex Xobeh the Trickster
  3715 | D:8      | Noticed an orc warrior
  3731 | D:8      | HP: 1/24 [orc warrior/+0 flail (8)]
  3742 | D:8      | Killed an orc warrior
  3743 | D:8      | Reached XP level 5. HP: 12/28 MP: 1/8
  3828 | D:8      | Found a shimmering altar of Xom.
  3838 | D:8      | Noticed a yak
  3838 | D:8      | Noticed a yak
  3854 | D:8      | Found a broken altar of Ashenzari.
  3872 | D:8      | Found a blossoming altar of Fedhas.
  3872 | D:8      | Noticed a centaur
  3872 | D:8      | Noticed a yak
  3882 | D:8      | Slain by a yak

Illustrated notes

Levels and vault maps discovered:
D:1:      elethiomel_arrival_diamonds, layout_basic, serial_shops,
          nicolae_diamond_shop, minmay_3d_cube
D:2:      layout_basic, uniq_sigmund
D:3:      layout_basic, serial_shops, shop
D:4:      layout_basic, grunt_qazlal_sundering, serial_shops, shop_statue,
          kennysheep_generic_room_14, uniq_pikel, uniq_duvessa
D:7:      layout_gridville, mainiacjoe_overflow_boulevard,
          kennysheep_slug_shrine, chequers_arboretum, minmay_stone_trees_medium,
          uniq_menkaure
D:8:      layout_rooms, mainiacjoe_overflow_tiny_flanked,
          mainiacjoe_overflow_chevrons, fedhas_bush_and_centaur_altar,
          mainiacjoe_overflow_paths, minmay_holes,
          nicolae_shop_i_like_big_books, hangedman_abyss_or_decor_slice

Skill      XL: |  1  2  3  4 |
---------------+-------------+-----
Earth Magic    | 4 5 |  5.2
Conjurations   | 2 |  2.3
Armour         | 1 2 |  2.0
Invocations    | 3 |  3.2
Dodging        | |  1.5
Stealth        | |  2.1
Spellcasting   | |  2.2

Action                     |  1- 3 |  4- 6 || total
---------------------------+-------+-------++-------
  Melee: Unarmed           |    10 |       ||    10
         Dagger            |    11 |    24 ||    35
   Cast: Sandblast         |    53 |    21 ||    74
         Stone Arrow       |       |     4 ||     4
    Use: Scroll            |     2 |     6 ||     8
         Potion            |     1 |     5 ||     6
 Armour: Robe              |    21 |       ||    21
         Leather armour    |       |    26 ||    26
  Dodge: Dodged            |    16 |    13 ||    29
